 Dungeon Crawl Stone Soup version 0.32-a0-422-g28b100f618 (webtiles) character file.

Game seed: 12412290693039792101

28 Bravepunisher the Ducker (level 2, -3/16 HPs)
             Began as a Spriggan Monk on Feb 21, 2024.
             Slain by an iguana (10 damage)
             ... on level 6 of the Dungeon.
             The game lasted 00:04:46 (1037 turns).

Bravepunisher the Ducker (Spriggan Monk)            Turns: 1037, Time: 00:04:46

Health: -3/16      AC:  1    Str:  7    XL:     2   Next: 96%
Magic:  3/3        EV: 19    Int: 11    God:
Gold:   30         SH:  0    Dex: 17    Spells: 1/1 levels left

rFire   . . .        a - +0 short sword
rCold   . . .        (no shield)
rNeg    . . .        b - +0 robe
rPois   +            (helmet restricted)
rElec   .            (no cloak)
rCorr   .            (gloves unavailable)
SInv    +            (boots unavailable)
Will    .....        (no amulet)
Stlth   ++           e - ring of poison resistance
HPRegen 0.22/turn    (no ring)
MPRegen 0.08/turn

%: no passive effects
@: very quick
A: very small, no large weapons, unfitting armour, see invisible, speed 3,
deformed body
a: no special abilities


You were on level 6 of the Dungeon.
You visited 1 branch of the dungeon, and saw 6 of its levels.

You collected 30 gold pieces.

Inventory:

Hand Weapons
 a - a +0 short sword (weapon)
Armour
 b - a +0 robe (worn)
Jewellery
 e - a ring of poison resistance (left hand)
Wands
 g - a wand of paralysis (5)
Potions
 c - a potion of ambrosia


   Skills:
 + Level 2.8 Fighting
 - Level 3.2 Short Blades
 * Level 5.1 Dodging


You had one spell level left.
You didn't know any spells.
Your spell library was empty.

Dungeon Overview and Level Annotations

Branches:
Dungeon (6/15)
 Temple: D:4-7

Altars:
Sif Muna
Zin

Shops:
D:2 ?   D:4 !


Innate Abilities, Weirdness & Mutations

You are very small and have problems with some larger weapons.
You are too small for most types of armour.
You have supernaturally acute eyesight. (SInv)
You cover ground extremely quickly. (Speed+++)
Armour fits poorly on your strangely shaped body.


Message History

A yak comes into view. x2
Found a rapier.
Found 5 stones.
The yak closely misses you.
You open the door.
An iguana comes into view.
Found a scroll labelled GEOFOZ JEBOQUO.
There is an open door here.
The iguana hisses angrily.
You close the door.
You see here a scroll labelled GEOFOZ JEBOQUO.
The iguana bites you!
Ouch! That really hurt!
* * * LOW HITPOINT WARNING * * *
Found a stone staircase leading up.
An iguana comes into view.
The iguana hisses angrily.
You open the door.
Found a shimmering blue altar of Sif Muna.
There is an open door here.
You close the door.
There is a shimmering blue altar of Sif Muna here.
You aren't carrying any scrolls.
You open the door. You barely miss the iguana. The iguana closely misses you.
You hit the iguana but do no damage. You hit the iguana but do no damage.
The iguana barely misses you.
There is a shimmering blue altar of Sif Muna here.
You enter the shallow water.
Moving in this stuff is going to be slow.
The iguana hisses menacingly.
The iguana barely misses you.
You enter the shallow water.
Moving in this stuff is going to be slow.
The iguana barely misses you.
You enter the shallow water.
Moving in this stuff is going to be slow.
The iguana bites you!
Ouch! That really hurt!
You die...

#. #... ... #
#.. ####### .
. #.l
##~~~~~##
#..###### #.#
#~~~~~~~#
#.....<.
##.###~~..@~~#
###.....
#<...'..._l~~#
#..:.. ♣♣
##.###~~..l~~#
.......# )♣♣
#.# #~~~~~~~#
..####### ..♣♣
#.# ##~~~~~##
..#~.l ## ...♣
#.# #######
..#~~. #. ≈..#
#l# ..#~~. #.
~..# #.# .#~
#. ≈..# #.####
## #)


You could see 2 iguanas.

Vanquished Creatures
  2 dart slugs
  2 orcs
  A goblin (D:2)
  A hobgoblin (D:1)
  3 kobolds
  A ball python (D:2)
  A bat (D:2)
  A frilled lizard (D:1)
  A rat (D:1)
13 creatures vanquished.

Notes
Turn   | Place    | Note
-------+----------+-------------------------------------------
     0 | D:1      | Bravepunisher the Spriggan Monk began the quest for the
                  | Orb.
     0 | D:1      | Reached XP level 1. HP: 11/11 MP: 2/2
    77 | D:2      | Found the +7 Kryia's mail coat {PotionHeal*2 rC+}
   111 | D:2      | Reached XP level 2. HP: 15/16 MP: 3/3
   111 | D:2      | Found The Oracle's Delphic Readings.
   462 | D:4      | Found a glowing silver altar of Zin.
   575 | D:4      | Noticed a bombardier beetle
   588 | D:4      | Found Zil Pese's Distillery.
   606 | D:4      | Gained mutation: Armour fits poorly on your strangely
                  | shaped body. [potion of mutation]
   617 | D:4      | Reached skill level 5 in Dodging
   778 | D:5      | Entered Level 5 of the Dungeon
   791 | D:5      | Noticed an ogre
   792 | D:5      | Noticed a centaur
   796 | D:5      | Noticed a scorpion
   833 | D:5      | Noticed a water moccasin
   971 | D:6      | Noticed a yak
   973 | D:6      | Noticed a yak
   973 | D:6      | Noticed a yak
  1014 | D:6      | Found a shimmering blue altar of Sif Muna.
  1037 | D:6      | Slain by an iguana

Illustrated notes

Levels and vault maps discovered:
D:1:      mrwooster_arrival_statue_3, layout_rooms,
          dreamdust_ecumenical_altar_hidden_monk_grotto
D:2:      layout_loops_corners, basic_altar, hangedman_feature_mirror,
          nicolae_nh_oracle_at_delphi
D:3:      layout_basic, chequers_mini_garden, corexii_corridor_pit,
          interstate_on_off, uniq_jessica
D:4:      layout_basic, zin_scriptorium, serial_shops, nicolae_shop_peninsula
D:5:      layout_cave_pools
D:6:      layout_basic, elyvilon_altar_3, led_sif_pool, serial_aquarium,
          aquarium_bridge_island_large [aquarium_subvault_large_water,
          aquarium_subvault_wall, aquarium_subvault_bridge,
          aquarium_subvault_bridge, aquarium_subvault_wall],
          aquarium_window_corner, aquarium_window_1, aquarium_window_2,
          aquarium_window_corridor_2, aquarium_view_4, aquarium_balcony_3a

Skill      XL: |  1  2 |
---------------+-------+-----
Dodging        | 5 |  5.1
Fighting       | |  2.8
Short Blades   | |  3.2

Action                     || total
---------------------------++-------
  Melee: Short sword       ||    74
    Use: Scroll            ||     1
         Potion            ||     1
   Stab: Sleeping          ||     2
 Armour: Robe              ||    19
  Dodge: Dodged            ||    65

Table legend: (Time is in decaauts)
 A = Elapsed time spent in this place.
 B = Non-inter-level travel time spent in this place.
 C = Inter-level travel time spent in this place.
 D = Time resting spent in this place.
 E = Time spent auto-exploring this place.
 F = Levels seen in this place.
 G = Mean time per level.
                   A        B        C        D        E       F      G
               +--------+--------+--------+--------+--------+-----+--------+
         Total |    669 |    669 |      0 |      0 |    156 |   6 |  111.5 |
       Dungeon |    669 |    669 |      0 |      0 |    156 |   6 |  111.5 |
               +--------+--------+--------+--------+--------+-----+--------+

Top non-repeatable levels by time:
     D:4: 256 daAuts
     D:2: 176 daAuts
     D:6: 117 daAuts
     D:1: 57 daAuts
     D:5: 43 daAuts
     D:3: 18 daAuts
